 Dungeon Crawl Stone Soup version 0.24-a0-280-g7cec4da (webtiles) character file.

Game seed: 8189163304724978648

3020 JimmahDean the Transmogrifier (level 9, -8/61 HPs)
             Began as an Octopode Transmuter on May 4, 2019.
             Was an Initiate of Ru.
             Killed from afar by a steam dragon (17 damage)
             ... with a ball of steam
             ... on level 7 of the Dungeon.
             The game lasted 00:28:48 (8966 turns).

JimmahDean the Transmogrifier (Octopode Transmuter) Turns: 8966, Time: 00:28:49

Health: -8/61      AC:  1    Str:  9    XL:     9   Next: 85%
Magic:  24/24      EV: 17    Int: 19    God:    Ru [......]
Gold:   474        SH:  0    Dex: 12    Spells: 9/16 levels left

rFire    . . .     SeeInvis .     - Unarmed
rCold    . . .     Gourm    .   (no shield)
rNeg     + . .     Faith    .   (helmet restricted)
rPois    +         Spirit   .   (no amulet)
rElec    .         Reflect  .   k - ring of positive energy
rCorr    .         Harm     .   m - ring of flight
MR       .....                  n - ring of magical power
Stlth    ++++......             p - ring of poison resistance
HPRegen  0.20/turn              h - +4 ring of evasion
MPRegen  0.19/turn              (no ring)
                                (no ring)
                                (no ring)

@: no status effects
A: almost no armour, stealthy swim, amphibious, 8 rings, constrict 8, camouflage
1, gelatinous body 1
a: Renounce Religion, Evoke Flight


You were on level 7 of the Dungeon.
You worshipped Ru.
Ru was noncommittal.
You were not hungry.

You visited 2 branches of the dungeon, and saw 8 of its levels.
You also visited: Sewer.

You collected 474 gold pieces.

Inventory:

Missiles
 a - 53 arrows
Jewellery
 h - a +4 ring of evasion (on tentacle)
 k - a ring of positive energy (left tentacle)
 m - a ring of flight (right tentacle)
 n - a ring of magical power (on tentacle)
 p - a ring of poison resistance (on tentacle)
Wands
 d - a wand of enslavement (8)
Scrolls
 b - 2 scrolls of enchant armour
 g - a scroll of fog {@r3}
 i - 2 scrolls of fear
 j - 4 scrolls of teleportation {@r4}
 o - 5 scrolls of amnesia
 r - a scroll of blinking
 t - a scroll of remove curse {@r2}
 v - a scroll of magic mapping {unknown}
Potions
 e - 3 potions of heal wounds {@q2}
 f - 2 potions of magic
 l - 2 potions of curing {@q1}
 q - a potion of berserk rage
 s - a potion of agility {unknown}
 w - a potion of mutation {unknown}
Comestibles
 c - 17 rations {@e1}
 u - 4 chunks of flesh


   Skills:
 - Level 5.0 Fighting
 - Level 2.0 Dodging
 - Level 5.0 Stealth
 - Level 5.0 Unarmed Combat
 - Level 4.1 Spellcasting
 + Level 9.5 Transmutations
 - Level 4.2 Ice Magic


You had 9 spell levels left.
You knew the following spells:

 Your Spells              Type           Power        Failure   Level  Hunger
a - Beastly Appendage     Tmut           #####.       1%          1    None
b - Sticks to Snakes      Tmut           #####...     1%          2    ##.....
c - Ice Form              Ice/Tmut       ####....     8%          4    ####...

Your spell library contained the following spells:

 Spells                   Type           Power        Failure   Level  Hunger
 Spider Form              Tmut/Pois      ###.......   6%          3    ###....
 Blade Hands              Tmut           #####.....   8%          5    ######.
 Bolt of Magma            Conj/Fire/Erth #.........   98%         5    ######.
 Iskenderun's Battlesphe  Conj/Chrm      #.......     98%         5    ######.
 Venom Bolt               Conj/Pois      #.........   98%         5    ######.
 Iron Shot                Conj/Erth      #.........   100%        6    #######
 Orb of Destruction       Conj           #.........   100%        7    #######
 Spellforged Servitor     Conj/Summ      #.........   100%        7    #######


Dungeon Overview and Level Annotations

Branches:
Dungeon (7/15)             Temple (1/1) D:6

Altars:
Ashenzari
Cheibriados
Dithmenos
Elyvilon
Fedhas
Gozag
Hepliaklqana
Kikubaaqudgha
Makhleb
Nemelex Xobeh
Okawaru
Qazlal
Ru
Sif Muna
Uskayaw
Vehumet
Xom
Yredelemnul
The Shining One

Annotations:
D:3 1 runed translucent door, CowFu's ghost, weakling TeAE
D:5 3 runed translucent doors, robertstho's ghost, amateur OpTm
D:6 Harold
D:7 Dowan; Duvessa


Innate Abilities, Weirdness & Mutations

You cannot wear most types of armour.
You are very stealthy in the water. (Stealth+)
You are amphibious.
You can wear up to eight rings at the same time.
You can use your tentacles to constrict eight enemies at once.
Your skin changes colour to match your surroundings (Stealth+).
Your rubbery body absorbs attacks. (AC +1, EV +1)


Message History

You tentacle-slap the steam dragon.
Your adder bites the steam dragon but does no damage.
The steam dragon breathes steam at you. The ball of steam hits you!!
* * * LOW HITPOINT WARNING * * *
Your adder closely misses the steam dragon.
You take 22 damage, and have 17/61 hp.
MASSIVE DAMAGE!!
Your adder barely misses the steam dragon.
The steam dragon barely misses you. The steam dragon claws you.
* * * LOW HITPOINT WARNING * * *
You take 2 damage, and have 15/61 hp.
Your adder bites the steam dragon but does no damage.
The steam dragon breathes steam at you. The ball of steam misses you.
Your adder bites the steam dragon.
You are engulfed in a cloud of scalding steam.
* * * LOW HITPOINT WARNING * * *
You take 8 damage, and have 8/61 hp.
The steam dragon breathes steam at you. The ball of steam hits you!
You die...

######## ...# ###### #......#
...# #....# #......# ### ....#
#....# #......### #.. ....#
##....###.......@###.##....###
........#.......§............#
......#........§#............##
##....#######..D#.............#
.#.....##≈≈.##..#.##(#........#
......##≈≈...#..#....#........#
##.....#≈.⌠S§.................#
###.###≈....#.....###........#
#....#≈....##....######.#...<#


You could see a steam dragon.

Vanquished Creatures
  Pikel (D:4)
  Eustachio (D:5)
  A hornet zombie (D:6)
  2 slaves (D:5)
  A black bear (D:6)
  3 ice beasts
  An orc warrior (D:6)
  3 phantoms
  2 ogres
  2 centaurs
  A gnoll sergeant (D:7)
  2 scorpions
  2 howler monkeys
  5 crimson imps
  2 hounds
  3 orc priests
  2 centaur skeletons
  2 orc wizards
  A worker ant (D:4)
  3 gnolls (D:7)
  8 adders
  An ooze (D:3)
  An adder skeleton (D:5)
  2 worms (D:6)
  2 dart slugs
  5 leopard geckos
  16 orcs
  15 bats
  11 giant cockroaches
  13 goblins
  7 hobgoblins
  10 jackals
  A ball python (D:5)
  6 frilled lizards
  5 kobolds
  A leopard gecko skeleton (D:4)
  A leopard gecko zombie (D:6)
  8 rats
153 creatures vanquished.

Vanquished Creatures (collateral kills)
  Grinder (D:6)
  A steam dragon (D:7)
  Purgy (Sewer)
  2 ogres
  A centaur skeleton (D:4)
  An iguana (D:5)
  An adder (D:2)
  A giant cockroach (D:2)
  A giant cockroach zombie (D:5)
  A jackal skeleton (D:5)
11 creatures vanquished.

Grand Total: 164 creatures vanquished

Notes
Turn   | Place    | Note
-------+----------+-------------------------------------------
     0 | D:1      | JimmahDean the Octopode Transmuter began the quest for the
                  | Orb.
     0 | D:1      | Reached XP level 1. HP: 13/13 MP: 3/3
    97 | D:1      | Reached XP level 2. HP: 18/18 MP: 5/5
   386 | D:1      | Reached XP level 3. HP: 20/23 MP: 6/6
  1267 | D:2      | Learned a level 2 spell: Sticks to Snakes
  1332 | D:2      | Reached XP level 4. HP: 18/28 MP: 7/7
  1690 | D:2      | Reached skill level 5 in Unarmed Combat
  2039 | D:3      | Noticed CowFu's ghost (weakling TeAE)
  2043 | D:3      | Found a runed translucent door.
  2329 | D:3      | Found an ancient bone altar of Kikubaaqudgha.
  2424 | D:3      | Found a glowing drain.
  2443 | Sewer    | Entered a sewer
  2455 | Sewer    | Reached XP level 5. HP: 29/33 MP: 8/8
  2502 | Sewer    | Noticed Purgy
  2539 | Sewer    | Killed Purgy
  2539 | Sewer    | Reached skill level 3 in Transmutations
  2951 | D:3      | Reached XP level 6. HP: 31/40 MP: 9/9
  3086 | D:3      | Reached skill level 4 in Transmutations
  3318 | D:3      | Found a stormy altar of Qazlal.
  3545 | D:4      | Noticed a phantom
  4272 | D:4      | Reached skill level 5 in Transmutations
  4296 | D:4      | Reached XP level 7. HP: 29/46 MP: 10/10
  4362 | D:4      | HP: 1/46 [phantom (9)]
  5058 | D:4      | Reached skill level 6 in Transmutations
  5445 | D:4      | Learned a level 4 spell: Ice Form
  5446 | D:5      | Entered Level 5 of the Dungeon
  5516 | D:5      | Found a hazy altar of Hepliaklqana.
  5562 | D:5      | Reached skill level 1 in Ice Magic
  5590 | D:5      | Noticed Eustachio
  5644 | D:5      | Found a runed translucent gate.
  5645 | D:5      | Found a runed translucent gate.
  5647 | D:5      | Found a runed translucent gate.
  5652 | D:5      | Noticed robertstho's ghost (amateur OpTm)
  5767 | D:5      | Reached skill level 7 in Transmutations
  5767 | D:5      | Reached XP level 8. HP: 45/52 MP: 11/11
  5901 | D:5      | Noticed Pikel
  6247 | D:4      | Killed Pikel
  6395 | D:5      | Killed Eustachio
  6395 | D:5      | Reached skill level 8 in Transmutations
  6567 | D:6      | Reached XP level 9. HP: 15/56 MP: 14/14
  6909 | D:6      | Noticed Grinder
  7010 | D:6      | Killed Grinder
  7330 | D:5      | Found a white marble altar of Elyvilon.
  7337 | D:5      | Reached skill level 5 in Fighting
  7417 | D:6      | Reached skill level 1 in Stealth
  7641 | D:6      | Reached skill level 5 in Stealth
  7643 | D:6      | Found a shimmering altar of Xom.
  7834 | D:6      | Found a staircase to the Ecumenical Temple.
  7839 | Temple   | Entered the Ecumenical Temple
  7934 | Temple   | Became a worshipper of Ru the Awakened
  8121 | D:7      | Noticed Harold
  8143 | D:7      | Noticed Dowan
  8144 | D:7      | Noticed Duvessa
  8508 | D:7      | Reached skill level 9 in Transmutations
  8966 | D:7      | Killed from afar by a steam dragon

Levels and vault maps discovered:
D:1:      dpeg_arrival_radiant, layout_basic
D:2:      layout_basic
D:3:      layout_basic, nicolae_overflow_crystal_walls, gup_sewer_entry_pipe,
          hellmonk_ghost_happy_afterlife, nicolae_qazlal_general_emergency
D:4:      layout_rooms, kennysheep_minor_cross
D:5:      lemuel_upstairs_altar, layout_rooms, lemuel_crystal_altar,
          first_ration, ebering_ghost_rock_garden, minmay_checkerbox,
          uniq_pikel, uniq_eustachio
D:6:      layout_loops_ring, minmay_temple_entry_glassed_door, basic_altar,
          minmay_splitting_lines, uniq_grinder
D:7:      cheibrodos_steamvent, layout_rooms, uniq_harold, uniq_duvessa
Temple:   lightli_temple_of_artemis

Skill      XL: |  1  2  3  4  5  6  7  8  9 |
---------------+----------------------------+-----
Unarmed Combat | 4 5 |  5.0
Fighting       | 2 3 5 |  5.0
Transmutations | 3 5 7 8 9 |  9.5
Ice Magic      | 2 4 |  4.2
Spellcasting   | 3 4 |  4.1
Stealth        | 5 |  5.0
Dodging        | |  2.0

Action                   |  1- 3 |  4- 6 |  7- 9 || total
-------------------------+-------+-------+-------++-------
Melee: Unarmed           |    80 |   176 |   278 ||   534
       Constrict         |    19 |    42 |    32 ||    93
       Tentacles         |     5 |    30 |    53 ||    88
       Punch             |     2 |     6 |     5 ||    13
       Kick              |       |    12 |     6 ||    18
 Cast: Beastly Appendage |     1 |     7 |     3 ||    11
       Sticks to Snakes  |     1 |    16 |    38 ||    55
       Ice Form          |       |       |     9 ||     9
 Abil: End Transformatio |       |       |     1 ||     1
  Use: Scroll            |     1 |     7 |     7 ||    15
 Stab: Distracted        |     1 |       |     4 ||     5
       Sleeping          |     1 |     7 |     1 ||     9
  Eat: Chunk             |     1 |     7 |    12 ||    20
       Ration            |       |     1 |     2 ||     3
Armor: Skin              |     8 |    16 |    24 ||    48
Dodge: Dodged            |    41 |   114 |   194 ||   349

Table legend:
 A = Non-vault XP
 B = Vault XP
 C = Vault XP percentage of total XP
 D = Non-vault monster count
 E = Vault monster count
 F = Vault count percentage of total count
                 A         B        C        D         E       F
            +---------+---------+-------+---------+---------+-------
      Total |    2864 |    1451 |  33.6 |     143 |      19 |  11.7
            +---------+---------+-------+---------+---------+-------
        D:1 |      40 |       0 |   0.0 |      23 |       0 |   0.0
        D:2 |      70 |       0 |   0.0 |      24 |       0 |   0.0
        D:3 |     193 |      12 |   5.9 |      38 |       5 |  11.6
        D:4 |     545 |     597 |  52.3 |      16 |       1 |   5.9
        D:5 |     283 |     358 |  55.9 |      10 |       5 |  33.3
        D:6 |    1258 |     246 |  16.4 |      20 |       1 |   4.8
        D:7 |     475 |     149 |  23.9 |      12 |       1 |   7.7
      Sewer |       0 |      89 | 100.0 |       0 |       6 | 100.0
            +---------+---------+-------+---------+---------+-------
